 Dungeon Crawl Stone Soup version 0.29.1-15-g9cfb28693d (webtiles) character file.

Game seed: 15505899759425894236

73 Gumption the Chopper (level 4, -5/61 HPs)
             Began as a Minotaur Berserker on Mar 23, 2023.
             Was a Believer of Trog.
             Slain by a gnoll
             ... wielding a +0 halberd
              (11 damage)
             ... on level 2 of the Dungeon.
             The game lasted 00:10:11 (1637 turns).

Gumption the Chopper (Minotaur Berserker)           Turns: 1637, Time: 00:10:11

Health: -5/61      AC:  9    Str: 23    XL:     4   Next: 8%
Magic:  3/3        EV:  8    Int:  4    God:    Trog [**....]
Gold:   24         SH:  0    Dex: 10    Spells: 3/3 levels left

rFire   . . .      SeeInvis .   a - +0 hand axe
rCold   . . .      Faith    .   (no shield)
rNeg    . . .      Spirit   .   f - +0 chain mail
rPois   .          Reflect  .   (helmet restricted)
rElec   .          Harm     .   (no cloak)
rCorr   .          Rampage  .   (no gloves)
Will    .....                   (no boots)
Stlth   ..........              (no amulet)
HPRegen 0.20/turn               (no ring)
MPRegen 0.08/turn               (no ring)

@: berserking, very quick
A: horns 2, retaliatory headbutt
a: Renounce Religion, Berserk, Trog's Hand


You were on level 2 of the Dungeon.
You worshipped Trog.
Trog was pleased with you.
You visited 1 branch of the dungeon, and saw 2 of its levels.

You collected 24 gold pieces.

Inventory:

Hand Weapons
 a - a +0 hand axe (weapon)
Missiles
 e - 4 curare-tipped darts (quivered)
Armour
 f - a +0 chain mail (worn)
Scrolls
 r - a scroll of identify
Potions
 b - a potion of curing
 d - a potion of might
 g - a potion of cancellation {unknown}
 h - a potion of invisibility {unknown}
 i - a potion of flight {unknown}


   Skills:
 + Level 4.3 Fighting
 * Level 5.0 Axes
 + Level 3.3 Armour
 - Level 2.1 Dodging


You had 3 spell levels left.
You didn't know any spells.
Your spell library was empty.

Dungeon Overview and Level Annotations

Branches:
Dungeon (2/15)

Altars:


Innate Abilities, Weirdness & Mutations

You have a pair of horns on your head.
You reflexively headbutt those who attack you in melee.


Message History

The goblin shouts!
You hear a shout!
A gnoll comes into view. It is wielding a +0 halberd.
The goblin hits you with a +0 club.
You completely miss the goblin.
The gnoll shouts!
You headbutt the goblin.
The goblin is moderately wounded.
You hear a shout!
The goblin hits you but does no damage.
You hit the goblin.
You kill the goblin!
Trog accepts your kill.
A gnoll comes into view. It is wielding a +0 club.
Found 6 stones.
The gnoll hits you from afar with a +0 halberd.
The gnoll hits you with a +0 halberd!
You barely miss the gnoll. Your headbutt misses the gnoll.
The gnoll hits you with a +0 halberd.
A gnoll comes into view. It is wielding a +0 spear.
You barely miss the gnoll. Your headbutt misses the gnoll.
The gnoll hits you but does no damage.
A gnoll comes into view. It is wielding a +0 flail.
You completely miss the gnoll.
The gnoll shouts!
The gnoll hits you with a +0 halberd! The gnoll hits you but does no damage.
You barely miss the gnoll. The gnoll hits you with a +0 halberd.
The gnoll hits you but does no damage.
You hit the gnoll. Your headbutt misses the gnoll.
The gnoll is moderately wounded.
The gnoll hits you but does no damage. x2
You hit the gnoll.
The gnoll is heavily wounded.
The gnoll hits you with a +0 halberd.
* * * LOW HITPOINT WARNING * * *
The gnoll hits you from afar with a +0 spear!
* * * LOW HITPOINT WARNING * * *
A red film seems to cover your vision as you go berserk!
You feel yourself moving faster!
You feel mighty! The gnoll hits you with a +0 halberd!
You die...

#.....# ♣ #.....##### ♣
##.........####### ♣
................... ♣ ♣
###.....###..##....
.♣♣~♣♣ ##..### #..# #.##
..~~~. #.. #..# #.#
#♣~~~♣
#####..#####..###.##
♣♣♣♣♣
..........@ggg##...## ♣
#####..#####g.......##.#.
♣ #.. #..##........( ♣
#.. #............. #(.
##.###.####.#. #.. #g#
#.# # #.........)...#
.........g.......
##.####.#######


You could see 4 gnolls.

Vanquished Creatures
  2 adders (D:2)
  3 dart slugs
  4 endoplasms
  2 giant cockroaches (D:2)
  7 goblins
  4 hobgoblins
  2 quokkas
  5 ball pythons
  7 bats
  2 frilled lizards (D:1)
  6 kobolds
  3 rats (D:1)
47 creatures vanquished.

Vanquished Creatures (others)
  33 plants (D:2)
33 creatures vanquished.

Grand Total: 80 creatures vanquished

Notes
Turn   | Place    | Note
-------+----------+-------------------------------------------
     0 | D:1      | Gumption the Minotaur Berserker began the quest for the
                  | Orb.
     0 | D:1      | Reached XP level 1. HP: 19/19 MP: 0/0
   215 | D:1      | Reached skill level 4 in Axes
   248 | D:1      | Reached XP level 2. HP: 27/27 MP: 1/1
  1033 | D:1      | Reached XP level 3. HP: 33/33 MP: 2/2
  1118 | D:1      | Found a faded altar of an unknown god.
  1344 | D:2      | Reached ** piety under Trog
  1549 | D:2      | Reached skill level 5 in Axes
  1549 | D:2      | Reached XP level 4. HP: 36/41 MP: 3/3
  1637 | D:2      | Slain by a gnoll

Illustrated notes

Levels and vault maps discovered:
D:1:      lightli_arrival_statue_moat, layout_basic,
          dilly_ecumenical_altar_fadedgnrine
D:2:      layout_loops_ring, serial_bayou, serial_bayou_pond_e,
          serial_bayou_lagoon_b, serial_bayou_pond_c, serial_bayou_lagoon_a,
          serial_bayou_crossing, basic_altar

Skill      XL: |  1  2  3 |
---------------+----------+-----
Axes           | 4 5 |  5.0
Fighting       | 4 |  4.3
Armour         | 3 |  3.3
Dodging        | |  2.1

Action                   |  1- 3 |  4- 6 || total
-------------------------+-------+-------++-------
Melee: Hand axe          |    98 |     8 ||   106
       Headbutt          |     5 |     1 ||     6
Invok: Berserk           |       |     1 ||     1
  Use: Scroll            |     1 |     1 ||     2
Armor: Scale mail        |    17 |       ||    17
       Chain mail        |    26 |     6 ||    32
Dodge: Dodged            |    51 |       ||    51
